 Dungeon Crawl Stone Soup version 0.32-a0-931-g5a2cda0630 (webtiles) character file.

Game seed: 13494224555554048018

58813 Decritt the Warrior (level 15, -20/121 HPs)
             Began as a Djinni Hedge Wizard on Apr 13, 2024.
             Was a High Priest of Makhleb.
             Killed from afar by an orc sorcerer (43 damage)
             ... with a bolt of fire
             ... on level 2 of the Orcish Mines.
             The game lasted 01:31:10 (26863 turns).

Decritt the Warrior (Djinni Hedge Wizard)          Turns: 26863, Time: 01:31:10

Health: -20/121    AC: 16    Str:  9    XL:     15   Next: 31%
Gold:   1378       EV: 20    Int: 33    God:    Makhleb [*****.] SH:  5 Dex: 13

rFire   . . .        v - +6 sling of Analysis {elec, rElec rPois rF- Will+ Int+7}
rCold   . . .        (no shield)
rNeg    + + +        F - +1 acid dragon scales
rPois   ∞            q - +0 helmet of the Weaver {^Contam rN+++ Int+3 SInv}
rElec   +            C - +2 cloak
rCorr   +            s - +1 pair of gloves
SInv    +            (boots unavailable)
Will    ++...        n - amulet of reflection
Stlth   +            w - ring of ice
HPRegen 0.40/turn    a - +5 ring of evasion

%: reflection, infuse magic (-21 HP)
@: on blink cooldown, flying
A: sickness immunity, fire resistance 2, cold vulnerability 1, float, innate
caster, HP casting, extra vitality 1
a: Renounce Religion, Minor Destruction, Lesser Servant of Makhleb, Major
Destruction, Greater Servant of Makhleb


You were on level 2 of the Orcish Mines.
You worshipped Makhleb.
Makhleb was extremely pleased with you.
You visited 4 branches of the dungeon, and saw 21 of its levels.

You collected 1513 gold pieces.
You spent 135 gold pieces at shops.

Inventory:

Hand Weapons
 v - the +6 sling of Analysis (weapon) {elec, rElec rPois rF- Will+ Int+7}
   (You found it on level 7 of the Dungeon)

   Int+7:     It affects your intelligence (+7).
   rF-:       It makes you vulnerable to fire.
   rElec:     It insulates you from electricity.
   rPois:     It protects you from poison.
   Will+:     It increases your willpower.
Armour
 g - the +1 robe "Jisu" {Str+6 Int+2}
   (You found it on level 5 of the Lair of Beasts)

   Str+6:     It affects your strength (+6).
   Int+2:     It affects your intelligence (+2).
 q - the +0 helmet of the Weaver (worn) {^Contam rN+++ Int+3 SInv}
   (You took it off Robin on level 1 of the Dungeon)

   Int+3:     It affects your intelligence (+3).
   rN+++:     It renders you almost immune to negative energy.
   SInv:      It lets you see invisible.
   ^Contam:   It causes magical contamination when unequipped.
 s - a +1 pair of gloves (worn)
 C - a +2 cloak (worn)
 F - +1 acid dragon scales (worn)
Magical Staves
 f - a staff of air
 J - a staff of cold
Jewellery
 a - a +5 ring of evasion (right hand)
 h - a ring of resist corrosion
 n - an amulet of reflection (around neck)
 o - a ring of wizardry
 w - a ring of ice (left hand)
 E - a ring of fire
 G - a +6 ring of dexterity
Wands
 p - a wand of digging (17)
Scrolls
 c - a scroll of fog
 i - 4 scrolls of summoning
 m - 6 scrolls of teleportation
 r - a scroll of enchant armour
 u - 2 scrolls of fear
 x - 3 scrolls of vulnerability
 D - 2 scrolls of immolation
Potions
 b - a potion of magic {unknown}
 d - 8 potions of curing
 e - a potion of invisibility
 j - 3 potions of haste
 k - a potion of enlightenment
 l - 3 potions of ambrosia
 t - a potion of mutation
 z - a potion of resistance
 A - 2 potions of brilliance
 B - a potion of lignification {unknown}
 H - 3 potions of heal wounds


   Skills:
 + Level 15.9 Fighting
 * Level 9.6 Armour
 * Level 13.0 Dodging
 - Level 1.5 Stealth
 + Level 11.4 Spellcasting
 + Level 11.4 Conjurations
 + Level 11.4 Hexes
   Level 0.0 Charms
 + Level 11.4 Summonings
 + Level 11.4 Necromancy
 + Level 11.4 Translocations
   Level 0.0 Transmutations
 + Level 11.4 Fire Magic
 + Level 11.4 Ice Magic
 + Level 11.4 Air Magic
 + Level 11.4 Earth Magic
 + Level 11.4 Alchemy


You knew the following spells:

 Your Spells              Type           Power      Damage    Failure   Level
a - Summon Cactus Giant   Summ           38%        N/A       5%          6
b - Tukima's Dance        Hex            76%        N/A       1%          3
c - Ignite Poison         Fire/Alch      76%        N/A       1%          4
d - Mephitic Cloud        Conj/Alch/Air  76%        N/A       1%          3
e - Passage of Golubria   Tloc           76%        N/A       1%          4
f - Slow                  Hex            100%       N/A       1%          1
g - Jinxbite              Hex            100%       N/A       1%          2
h - Call Imp              Summ           100%       N/A       1%          2
i - Summon Small Mammal   Summ           100%       N/A       1%          1
j - Magic Dart            Conj           100%       1d8       1%          1
k - Silence               Hex/Air        38%        N/A       1%          5
x - Blink                 Tloc           100%       N/A       1%          2
Your spell library was empty.

Dungeon Overview and Level Annotations

Branches:
Dungeon (13/15)            Temple (1/1) D:7            Lair (5/5) D:9
  Swamp (0/4) Lair:3       Spider (0/4) Lair:2        Slime (0/5) Lair:5
    Orc (2/2) D:11            Elf (0/3) Orc:2
 Vaults: D:13-14

Altars:
Ashenzari
Cheibriados
Dithmenos
Elyvilon
Fedhas
Gozag
Hepliaklqana
Makhleb
Nemelex Xobeh
Okawaru
Qazlal
Ru
Trog
Uskayaw
Wu Jian
Xom
Yredelemnul
Zin
The Shining One
Jiyva

Shops:
Orc:2 [=(*

Annotations:
D:8 3 runed translucent doors, Ananasrisotto's ghost, novice DsGl
D:11 2 runed translucent doors, HourglassMan's ghost, journeyman BaIE
Temple 2 transporters


Innate Abilities, Weirdness & Mutations

You are immune to sickness and miasma.
You are immune to poison.
Your flesh is very heat resistant. (rF++)
You are vulnerable to cold. (rC-)
You float through the air rather than walking.
You learn spells naturally, not from books.
Your magical power is your life essence.
You have superior vitality. (+4 MHP)


Message History

Things that are here:
a +0 dagger; a +0 robe; an orc corpse The orc wizard hits you but does no damage.
You shoot a sling bullet. The sling bullet hits the orc wizard.
The orc wizard is heavily wounded.
The orc sorcerer mumbles some strange words.
The orc wizard closely misses you.
You shoot a sling bullet. The sling bullet hits the orc wizard!
Lightning courses through the orc wizard!!
You kill the orc wizard!
Makhleb accepts your kill.
You shoot a sling bullet.
The sling bullet closely misses the sun demon.
The sun demon completely misses you.
The sun demon hits you but does no damage.
You shoot a sling bullet. The sling bullet hits the sun demon!
The sun demon is moderately wounded.
The sun demon closely misses you. The sun demon misses you.
The sun demon hits you but does no damage.
Casting: Tukima's Dance (safe; 1% risk of failure)
Confirm with . or Enter, or press ? or * to list all spells.
The sun demon closely misses you. The sun demon misses you.
The sun demon hits you!
You are engulfed in flames!
You block the sun demon's attack.
Your cactus giant barely misses the sun demon.
The sun demon attacks as it pursues you!
The sun demon hits you!
You are engulfed in flames!
The sun demon hits you!!
* * * LOW HITPOINT WARNING * * *
You are engulfed in flames!
* * * LOW HITPOINT WARNING * * *
Press: ? - help, v - describe, . - travel The floor.
Casting: Summon Cactus Giant (dangerous; 5% risk of failure)
Confirm with . or Enter, or press ? or * to list all spells.
You blink.
* * * LOW HITPOINT WARNING * * *
The orc sorcerer points at you and mumbles some strange words.
The bolt of fire hits the sun demon.
The sun demon completely resists.
The bolt of fire hits you!!!
You die...

.......[###......##≈≈≈≈≈≈≈##
................##≈≈.###.≈≈##
....#...........#≈≈.##_##.≈≈#
######.........##≈≈.#($.#.≈≈##
.## ###.....)..#≈≈≈.#...#.≈≈≈#
..###.......)).##≈≈)##.##.≈≈##
..#.#..........)#≈≈≈~#)#~≈≈≈#
...........#.))[##≈≈~ß.ß~≈≈##
.........#.#..))@##≈≈...≈≈##
.......##.#.)..[).####.####
#......#..[....[....#.C.#
##.......).......P.3#ß.ß#
#.........PP.......§.o..##
##.....#..........P.#....#
#...##.........ß...###.##
######.......∩...P.# ###
##.....P.P.......#


You could see a sun demon (summoned) and an orc sorcerer.

Vanquished Creatures
  Kirke (Lair:4)
  A merfolk avatar (Lair:5)
  A hydra (Lair:1)
  2 boulder beetles
  3 death yaks (Lair:2)
  3 skysharks (Lair:5)
  Amaemon (Lair:3)
  A dancing weapon (D:6)
  An obsidian bat (Orc:1)
  An orc knight (Orc:1)
  An ugly thing (D:12)
  An orc sorcerer (Orc:1)
  2 manticores (Lair:5)
  2 kobold blastminers (Orc:1)
  5 elephants
  6 black mambas
  Maurice (D:9)
  An orange demon (Lair:3)
  Joseph (D:7)
  Maggie (D:7)
  A gargoyle (D:11)
  2 torpor snails (Lair:3)
  7 cane toads
  2 unseen horrors
  4 unseen horror zombies (D:10)
  6 komodo dragons
  3 rime drakes
  Psyche (D:8)
  Prince Ribbit (D:7)
  4 polar bears
  5 trolls
  Grinder (D:2)
  12 blink frogs
  9 dream sheep (Lair:3)
  4 shadows
  11 wraiths
  5 wyverns
  Eustachio (D:4)
  4 vampires (D:10)
  2 wargs (Orc:1)
  30 yaks
  3 hogs (Lair:4)
  Menkaure (D:4)
  Grum (D:8)
  4 basilisks
  6 vampire mosquitoes
  3 steam dragons (Lair:5)
  Edmund (D:5)
  2 acid dragons (D:8)
  10 water moccasins
  5 orc warriors
  An ice beast (D:5)
  2 black bears (Lair:1)
  19 wolves
  2 centaurs
  9 bullfrogs
  2 kobold brigands
  6 scorpions
  2 wights (D:8)
  5 killer bees (D:6)
  3 howler monkeys
  4 electric eels
  4 bombardier beetles
  2 centaur zombies (D:10)
  A gnoll bouda (D:7)
  2 jellies
  4 orc priests
  Crazy Yiuf (D:6)
  2 sleepcaps
  Jessica (D:2)
  3 iguanas
  10 orc wizards
  2 human simulacra (D:9)
  Robin (D:1)
  11 gnolls
  4 adders
  A white imp (D:6)
  2 dart slugs
  32 orcs
  2 endoplasms
  4 giant cockroaches
  11 goblins
  6 hobgoblins
  4 jackals
  9 kobolds
  2 quokkas
  6 ball pythons
  9 bats
  A frilled lizard (D:2)
  2 rats (D:3)
381 creatures vanquished.

Vanquished Creatures (collateral kills)
  An orc warlord (Orc:2)
  Erolcha (D:12)
  3 two-headed ogres
  3 orc high priests
  4 orc knights
  An obsidian bat (Orc:2)
  2 orc sorcerers (Orc:2)
  A centaur zombie (D:10)
  3 kobold blastminers (Orc:2)
  An unseen horror zombie (D:10)
  Jeremiah (D:9)
  A gargoyle (D:13)
  A kobold demonologist (D:9)
  2 rime drakes (Orc:2)
  A troll (Orc:2)
  2 wargs
  8 orc warriors
  5 ogres
  4 centaurs
  2 kobold brigands (D:9)
  A scorpion (D:5)
  4 wights
  A killer bee (D:6)
  A howler monkey (D:8)
  A gnoll bouda (D:5)
  6 orc priests
  5 orc wizards
  2 gnolls
  19 orcs
  2 goblins (D:2)
  3 kobolds (D:9)
  A rat (D:3)
93 creatures vanquished.

Vanquished Creatures (others)
  8 dancing weapons
  A wight (D:7)
9 creatures vanquished.

Grand Total: 483 creatures vanquished

Notes
Turn   | Place    | Note
-------+----------+-------------------------------------------
     0 | D:1      | Decritt the Djinni Hedge Wizard began the quest for the
                  | Orb.
     0 | D:1      | Decritt set off with the following spells memorised: Magic
                  | Dart, Slow, Blink, Call Imp, Mephitic Cloud.
     0 | D:1      | Reached XP level 1. HP: 15/15 MP: 0/0
   219 | D:1      | Reached XP level 2. HP: 20/22 MP: 0/0
   392 | D:1      | Reached skill level 1 in Fighting
   713 | D:2      | Identified the +0 helmet of the Weaver {^Contam rN+++ Int+3
                  | SInv}
   713 | D:2      | Noticed Robin
   736 | D:2      | Reached XP level 3. HP: 12/27 MP: 0/0
   736 | D:2      | Learned a level 1 spell: Summon Small Mammal
   900 | D:2      | Noticed Jessica
   904 | D:2      | Killed Jessica
   910 | D:2      | Reached XP level 4. HP: 27/33 MP: 0/0
   919 | D:2      | Reached skill level 2 in Fighting
  1134 | D:1      | Killed Robin
  1522 | D:3      | Reached XP level 5. HP: 38/39 MP: 0/0
  1522 | D:3      | Learned a level 2 spell: Jinxbite
  1556 | D:3      | Noticed Grinder
  1605 | D:2      | Paralysed by Grinder for 2 turns
  2059 | D:2      | Reached skill level 3 in Fighting
  2182 | D:3      | Found a stormy altar of Qazlal.
  2382 | D:3      | Reached XP level 6. HP: 36/46 MP: 0/0
  2631 | D:3      | Found a sparkling altar of Nemelex Xobeh.
  3025 | D:4      | Noticed an ogre
  3160 | D:5      | Entered Level 5 of the Dungeon
  3469 | D:4      | Killed an ogre
  3543 | D:4      | Noticed Eustachio
  3576 | D:4      | Killed Eustachio
  3577 | D:4      | Reached skill level 4 in Fighting
  3577 | D:4      | Reached skill level 1 in Armour
  3577 | D:4      | Reached XP level 7. HP: 40/53 MP: 0/0
  3577 | D:4      | Learned a level 3 spell: Tukima's Dance
  3731 | D:4      | Found an iron altar of Okawaru.
  3823 | D:5      | Noticed Edmund
  3835 | D:5      | Killed Edmund
  4049 | D:5      | Noticed Menkaure
  4296 | D:5      | Reached skill level 5 in Fighting
  4296 | D:5      | Reached XP level 8. HP: 42/59 MP: 0/0
  4418 | D:5      | Reached skill level 5 in Spellcasting
  4418 | D:5      | Reached skill level 5 in Conjurations
  4418 | D:5      | Reached skill level 5 in Hexes
  4418 | D:5      | Reached skill level 5 in Summonings
  4418 | D:5      | Reached skill level 5 in Necromancy
  4418 | D:5      | Reached skill level 5 in Translocations
  4418 | D:5      | Reached skill level 5 in Fire Magic
  4418 | D:5      | Reached skill level 5 in Ice Magic
  4418 | D:5      | Reached skill level 5 in Air Magic
  4418 | D:5      | Reached skill level 5 in Earth Magic
  4418 | D:5      | Reached skill level 5 in Alchemy
  4482 | D:5      | Found an opulent altar of Gozag.
  4665 | D:5      | Found a hazy altar of Hepliaklqana.
  5184 | D:6      | Found a runed translucent door.
  5185 | D:6      | Noticed Crazy Yiuf
  5210 | D:6      | Killed Crazy Yiuf
  5211 | D:6      | Reached skill level 6 in Fighting
  5211 | D:6      | Reached skill level 5 in Dodging
  5549 | D:6      | Found an ornate altar of the Wu Jian Council.
  5549 | D:6      | Found a shimmering altar of Xom.
  5656 | D:6      | Reached XP level 9. HP: 60/66 MP: 0/0
  5656 | D:6      | Learned a level 4 spell: Ignite Poison
  6244 | D:7      | Noticed Maggie
  6254 | D:7      | Killed Maggie
  6355 | D:7      | Found a staircase to the Ecumenical Temple.
  6368 | Temple   | Found a transporter.
  6368 | Temple   | Found a transporter.
  6368 | Temple   | Found a transporter.
  6368 | Temple   | Found a transporter.
  6368 | Temple   | Entered the Ecumenical Temple
  6522 | Temple   | Became a worshipper of Makhleb the Destroyer
  6592 | D:7      | Reached skill level 7 in Fighting
  6597 | D:7      | Noticed Joseph
  6830 | D:7      | Killed Joseph
  6944 | D:7      | Identified the +6 sling of Analysis {elec, rElec rPois rF-
                  | Will+ Int+7}
  7283 | D:8      | Noticed Grum
  7285 | D:8      | Noticed Psyche
  7407 | D:8      | Noticed Prince Ribbit
  7416 | D:7      | Killed Prince Ribbit
  7417 | D:7      | Reached skill level 8 in Fighting
  7417 | D:7      | Reached XP level 10. HP: 63/76 MP: 0/0
  7541 | D:8      | Killed Psyche
  7545 | D:8      | Killed Grum
  7722 | D:8      | Reached * piety under Makhleb
  8114 | D:8      | Reached skill level 9 in Fighting
  8218 | D:8      | Found a hide-covered altar of Uskayaw.
  8287 | D:8      | Found a runed translucent gate.
  8287 | D:8      | Found a runed translucent gate.
  8287 | D:8      | Found a runed translucent gate.
  8288 | D:8      | Found an opulent altar of Gozag.
  8290 | D:8      | Noticed a boulder beetle
  8290 | D:8      | Noticed Ananasrisotto's ghost (novice DsGl)
  8290 | D:8      | Noticed a tengu warrior
  8379 | D:8      | You are sucked into a shaft and drop 2 floors!
  8379 | D:10     | Entered Level 10 of the Dungeon
  8869 | D:10     | Reached XP level 11. HP: 48/85 MP: 0/0
  8869 | D:10     | Learned a level 4 spell: Passage of Golubria
  8994 | D:10     | Reached skill level 10 in Fighting
  9173 | D:10     | Noticed a two-headed ogre
  9185 | D:10     | Killed a two-headed ogre
 11100 | D:9      | Reached skill level 11 in Fighting
 11140 | D:9      | Noticed Jeremiah
 11145 | D:9      | Killed Jeremiah
 11460 | D:9      | Reached ** piety under Makhleb
 11512 | D:9      | Noticed Maurice
 11523 | D:9      | Killed Maurice
 11577 | D:9      | Found a staircase to the Lair.
 11756 | D:9      | Noticed a sun demon
 11915 | Lair:1   | Entered Level 1 of the Lair of Beasts
 11991 | Lair:1   | Noticed a catoblepas
 12189 | D:9      | Noticed a sun demon
 12679 | D:10     | Reached XP level 12. HP: 73/94 MP: 0/0
 12755 | D:10     | Noticed a two-headed ogre
 12777 | D:10     | Killed a two-headed ogre
 13052 | D:10     | Found a glowing golden altar of the Shining One.
 13172 | D:11     | Found a large runed translucent door.
 13172 | D:11     | Found a large runed translucent door.
 13173 | D:11     | Noticed HourglassMan's ghost (journeyman BaIE)
 13571 | D:11     | Found a staircase to the Orcish Mines.
 13725 | D:11     | Reached skill level 12 in Fighting
 13784 | D:11     | Noticed a boulder beetle
 13804 | D:11     | Killed a boulder beetle
 15165 | D:12     | Noticed Erolcha
 15174 | D:12     | Killed Erolcha
 15175 | D:12     | Reached skill level 5 in Armour
 15946 | D:4      | Killed Menkaure
 16076 | D:2      | Killed Grinder
 16704 | Lair:1   | Reached skill level 10 in Dodging
 16760 | Lair:1   | Reached skill level 13 in Fighting
 16840 | Lair:1   | Reached *** piety under Makhleb
 16876 | Lair:1   | Reached XP level 13. HP: 103/103 MP: 0/0
 16876 | Lair:1   | Learned a level 5 spell: Silence
 17285 | Lair:1   | Noticed a six-headed hydra
 17320 | Lair:1   | Killed a six-headed hydra
 17939 | Lair:2   | Identified the +7 flail "Hydrabane" {spect, Int+2}
 18015 | Lair:2   | Found a hole to the Spider Nest.
 18029 | Lair:2   | Reached skill level 10 in Spellcasting
 18029 | Lair:2   | Reached skill level 10 in Conjurations
 18029 | Lair:2   | Reached skill level 10 in Hexes
 18029 | Lair:2   | Reached skill level 10 in Summonings
 18029 | Lair:2   | Reached skill level 10 in Necromancy
 18029 | Lair:2   | Reached skill level 10 in Translocations
 18029 | Lair:2   | Reached skill level 10 in Fire Magic
 18029 | Lair:2   | Reached skill level 10 in Ice Magic
 18029 | Lair:2   | Reached skill level 10 in Air Magic
 18029 | Lair:2   | Reached skill level 10 in Earth Magic
 18029 | Lair:2   | Reached skill level 10 in Alchemy
 18324 | Lair:2   | Reached skill level 14 in Fighting
 18782 | Lair:3   | Noticed Amaemon
 18786 | Lair:3   | Killed Amaemon
 18800 | Lair:3   | Reached **** piety under Makhleb
 19524 | Lair:3   | Found a snail-covered altar of Cheibriados.
 19906 | Lair:3   | Reached XP level 14. HP: 102/112 MP: 0/0
 20019 | Lair:3   | Found a staircase to the Swamp.
 20627 | Lair:4   | Reached ***** piety under Makhleb
 21448 | Lair:4   | Reached skill level 15 in Fighting
 21915 | Lair:4   | Noticed Kirke
 21927 | Lair:4   | Killed Kirke
 22044 | Lair:5   | Entered Level 5 of the Lair of Beasts
 22543 | Lair:5   | Identified the +1 robe "Jisu" {Str+6 Int+2}
 23095 | Lair:5   | Found the +11 plutonium sword {^Contam Stlth-}
 23292 | Lair:5   | Found a staircase to the Slime Pits.
 23328 | Lair:5   | Found a viscous altar of Jiyva.
 24056 | Orc:1    | Entered Level 1 of the Orcish Mines
 24480 | Orc:2    | Entered Level 2 of the Orcish Mines
 24480 | Orc:2    | Found Rabryqasch's Antique Weapon Boutique.
 24985 | Orc:2    | Found Xeyhegh's Antique Armour Shop.
 25306 | Orc:2    | Noticed an orc warlord
 25314 | Orc:1    | Reached XP level 15. HP: 45/121 MP: 0/0
 25314 | Orc:1    | Learned a level 6 spell: Summon Cactus Giant
 25588 | Orc:2    | Killed an orc warlord
 26131 | Orc:2    | Found Voqurutz's Jewellery Emporium.
 26253 | Orc:2    | Found a staircase to the Elven Halls.
 26277 | Orc:2    | Found Pal Uwen's General Store.
 26334 | Orc:2    | Bought a scroll of enchant armour for 135 gold pieces
 26863 | Orc:2    | Killed from afar by an orc sorcerer

Illustrated notes

Levels and vault maps discovered:
D:1:      spicycebolla_green_bress_n_ham, layout_basic
D:2:      layout_rooms, cheibrodos_gnoll_hut, uniq_robin, uniq_jessica
D:3:      layout_loops_ring, lemuel_tele_altar, mainiacjoe_overflow_catwalk,
          uniq_grinder
D:4:      layout_rooms, marbit_many_paths, hangedman_decor_opposing,
          uniq_eustachio
D:5:      layout_cave_pools, mainiacjoe_overflow_alcove_2, kennysheep_mini,
          uniq_menkaure, uniq_edmund
D:6:      layout_loops_ring, gammafunk_temple_overflow_wave,
          uniq_crazy_yiuf_cottage
D:7:      layout_gridville, lemuel_temple_firewalk_b, uniq_joseph, uniq_maggie
D:8:      layout_rooms, mainiacjoe_overflow_large_starburst,
          ebering_ghost_gozag, fountainhead, hangedman_abyss_or_decor_stabs,
          uniq_prince_ribbit1, uniq_grum, uniq_psyche
D:9:      layout_long_grid, mainiacjoe_overflow_six_doors_small,
          erik_lair_orcish_takeover, minivault_16, blue_anna_alchemist,
          bh_circular_ruins, uniq_maurice, uniq_jeremiah
D:10:     layout_basic, mainiacjoe_overflow_alcove_4, serial_undead,
          serial_undead_b, serial_undead_b, serial_undead_c, serial_undead_a,
          serial_undead_d, serial_undead_c, minmay_diced_spiral
D:11:     layout_loops_corners, orc_0_dummy, ebering_ghost_disaster_area
D:12:     layout_irregular_city, uniq_erolcha
D:13:     layout_irregular_city, uniq_urug, uniq_jorgrun, uniq_sonja
Temple:   hellmonk_temple_divided_pantheon
Lair:1:   layout_cave_pods, grunt_megastairs_2
Lair:2:   layout_layer_cave, nicolae_spider_entry_non_spiders
Lair:3:   layout_long_grid, swamp_mist_pool, kennysheep_snail_temple,
          lemuel_fruit_tree, infiniplex_staircase_pool, uniq_amaemon
Lair:4:   layout_regular_city, uniq_kirke
Lair:5:   gammafunk_lair_ancient_temple, layout_concentric_octagons,
          slime_entry_1, gauntlet_entry_generic
Orc:1:    layout_diamond_mine, serial_shops, nicolae_shop_peninsula
Orc:2:    grunt_orc_gardens, layout_diamond_mine, grunt_orc_garden,
          grunt_orc_garden, grunt_orc_garden, grunt_orc_garden,
          portal_ice_cave_rime, kennysheep_orc_sif_temple

Skill      XL: |  1  2  3  4  5  6  7  8  9 10 11 12 13 14 15 |
---------------+----------------------------------------------+-----
Fighting       | 1 2 3 4 5 6 8 9 11 13 14 15 | 15.9
Dodging        | 3 4 5 6 7 9 10 11 12 13 | 13.0
Spellcasting   | 4 5 6 8 9 10 11 | 11.4
Conjurations   | 4 5 6 8 9 10 11 | 11.4
Hexes          | 4 5 6 8 9 10 11 | 11.4
Summonings     | 4 5 6 8 9 10 11 | 11.4
Necromancy     | 4 5 6 8 9 10 11 | 11.4
Translocations | 4 5 6 8 9 10 11 | 11.4
Fire Magic     | 4 5 6 8 9 10 11 | 11.4
Ice Magic      | 4 5 6 8 9 10 11 | 11.4
Air Magic      | 4 5 6 8 9 10 11 | 11.4
Earth Magic    | 4 5 6 8 9 10 11 | 11.4
Alchemy        | 4 5 6 8 9 10 11 | 11.4
Armour         | 1 2 3 5 7 8 9 |  9.6
Stealth        | |  1.5

Action                     |  1- 3 |  4- 6 |  7- 9 | 10-12 | 13-15 || total
---------------------------+-------+-------+-------+-------+-------++-------
  Melee: Dagger            |     2 |     5 |       |       |       ||     7
         Flail             |       |       |    12 |       |       ||    12
         Quarterstaff      |       |       |    10 |       |       ||    10
   Fire: Sling             |       |       |     6 |   478 |   582 ||  1066
   Cast: Magic Dart        |    44 |   162 |   167 |   195 |    38 ||   606
         Summon Small Mamm |       |    11 |    12 |     3 |       ||    26
         Mephitic Cloud    |       |    12 |    31 |    51 |    81 ||   175
         Call Imp          |       |     3 |       |     2 |       ||     5
         Tukima's Dance    |       |       |    24 |    41 |    67 ||   132
         Blink             |       |       |     2 |     2 |     9 ||    13
         Ignite Poison     |       |       |    11 |    27 |    63 ||   101
         Passage of Golubr |       |       |       |     8 |     2 ||    10
         Silence           |       |       |       |       |     1 ||     1
         Summon Cactus Gia |       |       |       |       |    20 ||    20
    Use: Scroll            |       |     7 |    12 |     6 |     5 ||    30
         Potion            |       |     1 |       |     1 |     1 ||     3
   Stab: Distracted        |       |       |     1 |       |       ||     1
 Armour: Robe              |     4 |    62 |       |       |       ||    66
         Leather armour    |       |       |    40 |       |       ||    40
         Steam dragon scal |       |       |    27 |   243 |       ||   270
         Acid dragon scale |       |       |       |   273 |   490 ||   763
  Dodge: Dodged            |     2 |    72 |    61 |   548 |   708 ||  1391
  Block: Other             |     1 |    40 |    26 |   168 |   174 ||   409
         Reflection        |       |     3 |     2 |     4 |     3 ||    12

Table legend: (Time is in decaauts)
 A = Elapsed time spent in this place.
 B = Non-inter-level travel time spent in this place.
 C = Inter-level travel time spent in this place.
 D = Time resting spent in this place.
 E = Time spent auto-exploring this place.
 F = Levels seen in this place.
 G = Mean time per level.
                   A        B        C        D        E       F      G
               +--------+--------+--------+--------+--------+-----+--------+
         Total |  27479 |  26588 |    891 |   9763 |  10740 |  21 | 1308.5 |
       Dungeon |  16906 |  16175 |    731 |   5376 |   7168 |  13 | 1300.5 |
        Temple |    172 |    172 |      0 |    132 |      0 |   1 |  172.0 |
          Lair |   7718 |   7559 |    159 |   2662 |   3133 |   5 | 1543.6 |
  Orcish Mines |   2680 |   2680 |      0 |   1592 |    439 |   2 | 1340.0 |
               +--------+--------+--------+--------+--------+-----+--------+

Top non-repeatable levels by time:
  Lair:3: 2352 daAuts
    D:10: 2195 daAuts
     D:8: 2043 daAuts
  Lair:5: 1902 daAuts
     D:7: 1774 daAuts
   Orc:1: 1694 daAuts
     D:9: 1592 daAuts
  Lair:1: 1407 daAuts
    D:12: 1401 daAuts
    D:11: 1358 daAuts
     D:6: 1287 daAuts
     D:2: 1216 daAuts
  Lair:4: 1143 daAuts
     D:3: 1115 daAuts
     D:5: 1027 daAuts
